 Dungeon Crawl Stone Soup version 0.17.0-28-g6e173f8 (webtiles) character file.

298 Larett the Skirmisher (level 6, -2/58 HPs)
             Began as a Hill Orc Fighter on Dec 4, 2015.
             Was a Believer of Beogh.
             Slain by a sky beast (6 damage)
             ... on level 5 of the Dungeon.
             The game lasted 00:12:43 (5089 turns).

Larett the Skirmisher (Hill Orc Fighter)            Turns: 5089, Time: 00:12:43

Health: -2/58      AC:  6    Str: 26    XL:     6   Next: 35%
Magic:  6/6        EV:  6    Int:  8    God:    Beogh [**....]
Gold:   249        SH: 15    Dex: 10    Spells: 0 memorised, 5 levels left

rFire  . . .     SeeInvis .     a - +0 whip (freeze)
rCold  . . .     Clarity  .     j - +0 leather armour (curse)
rNeg   . . .     SustAt   .     l - +0 large shield
rPois  .         Gourm    .     o - +0 helmet
rElec  .         Spirit   .     (no cloak)
rCorr  .         Warding  .     I - +0 pair of gloves
rMut   .         Stasis   .     (no boots)
MR     .....                    (no amulet)
Stlth  ++........               (no ring)
                                F - ring of stealth

@: mighty, not resistant to hostile enchantments, unstealthy
A: no striking features
a: Smiting, Renounce Religion


You were on level 5 of the Dungeon.
You worshipped Beogh.
Beogh was pleased with you.
You were not hungry.

You visited 1 branch of the dungeon, and saw 5 of its levels.
You also visited: Sewer.

You collected 249 gold pieces.

Inventory:

Hand Weapons
 a - a +0 whip of freezing (weapon)
 k - a +0 war axe
 G - a +0 blowgun
Missiles
 i - 102 stones (quivered)
 p - 20 bolts
 q - 3 needles of confusion
 s - 29 arrows
 u - 29 poisoned needles
 w - 29 sling bullets
 z - 12 arrows of flame
Armour
 b - a +0 scale mail
 c - a +0 shield
 h - a +2 leather armour of fire resistance
 j - a cursed +0 leather armour (worn)
 l - a +0 large shield (worn)
 o - a +0 helmet (worn)
 I - a +0 pair of gloves (worn)
Jewellery
 F - a ring of stealth (left hand)
Wands
 v - a wand of flame (19)
Scrolls
 m - a scroll of noise {unknown}
 n - a scroll of fear
 r - a scroll of teleportation
 x - a scroll of magic mapping
 y - a scroll of remove curse
Potions
 d - 3 potions of might
 f - 3 potions of agility
 B - 4 potions of magic
Comestibles
 e - 5 bread rations
 g - 2 meat rations
 A - a royal jelly
 E - 2 fruits


   Skills:
 - Level 6.8 Fighting
 - Level 2.6(4.2) Axes
 * Level 4.1(4.4) Maces & Flails
 - Level 3.2 Armour
 - Level 3.2 Shields


You had 5 spell levels left.
You didn't know any spells.

Dungeon Overview and Level Annotations

Branches:
Dungeon (5/15)
 Temple: D:4-7

Altars:
Fedhas
Trog


Message History

You closely miss the sky beast.
The sky beast is severely wounded.
The sky beast hits you.
* * * LOW HITPOINT WARNING * * *
The sky beast shocks you.
* * * LOW HITPOINT WARNING * * *
You closely miss the sky beast.
The sky beast is severely wounded.
You block the sky beast's attack.
You hit the sky beast. You freeze the sky beast.
The sky beast is almost dead.
The sky beast flickers out of sight!
Deactivating autopickup; reactivate with Ctrl-A.
Something hits you but does no damage.
Drink which item? (? for menu, Esc to quit)
You feel very mighty all of a sudden. Something hits you.
* * * LOW HITPOINT WARNING * * *
Something shocks you.
You die...

#+.. #... .# ...
...##.#############
##......#..........
........(..........
#....≈.............
#.....{@...........
#.$........<.......
##......###########
########


There were no monsters in sight!

Vanquished Creatures
  2 hounds (D:4)
  2 iguanas (D:4)
  An orc wizard (D:4)
  A worker ant (D:5)
  2 river rats (Sewer)
  3 adders
  3 worms (D:3)
  2 giant geckos
  5 orcs (D:3)
  6 bats
  6 giant cockroaches
  7 goblins
  5 hobgoblins
  6 jackals
  A quokka (D:3)
  3 ball pythons
  A giant gecko skeleton (D:4)
  13 giant newts
  9 kobolds
  12 rats
90 creatures vanquished.

Vanquished Creatures (others)
  3 orcs (D:3)
3 creatures vanquished.

Grand Total: 93 creatures vanquished

Notes
Turn   | Place    | Note
--------------------------------------------------------------
     0 | D:1      | Larett the Hill Orc Fighter began the quest for the Orb.
     0 | D:1      | Reached XP level 1. HP: 19/19 MP: 1/1
    93 | D:1      | Reached skill level 4 in Fighting
   191 | D:1      | Reached XP level 2. HP: 27/27 MP: 2/2
   780 | D:2      | Found a blossoming altar of Fedhas.
   963 | D:2      | Reached XP level 3. HP: 35/35 MP: 3/3
   989 | D:2      | Reached skill level 5 in Fighting
  1462 | D:3      | Became a worshipper of Beogh the Brigand
  1601 | D:3      | Found a glowing drain.
  1632 | Sewer    | Entered a sewer
  1697 | Sewer    | Reached XP level 4. HP: 34/44 MP: 4/4
  2019 | Sewer    | Reached skill level 6 in Fighting
  2021 | Sewer    | Reached * piety under Beogh
  3186 | D:3      | Reached XP level 5. HP: 51/51 MP: 5/5
  4078 | D:4      | Reached skill level 1 in Maces & Flails
  4411 | D:4      | Reached XP level 6. HP: 42/58 MP: 6/6
  4746 | D:4      | Reached ** piety under Beogh
  4871 | D:4      | Found a bloodstained altar of Trog.
  5056 | D:5      | Entered Level 5 of the Dungeon
  5089 | D:5      | Slain by a sky beast

Action                   |  1- 3 |  4- 6 || total
-------------------------+-------+-------++-------
Melee: War axe           |    37 |       ||    37
       Whip              |   120 |   372 ||   492
Invok: Convert to Beogh  |     1 |       ||     1
  Use: Scroll            |     3 |     3 ||     6
       Potion            |     1 |    10 ||    11
 Stab: Sleeping          |       |     3 ||     3
  Eat: Chunk             |     3 |     9 ||    12
       Fruit             |       |     1 ||     1
       Beef jerky        |       |     1 ||     1
